 Dungeon Crawl Stone Soup version 0.29.0-4-gdea44cf6ec (webtiles) character file.

Game seed: 16327648488927696378

81 qw the Chopper (level 4, 0/26 HPs)
             Began as a Tengu Warper on Aug 28, 2022.
             Slain by a gnoll
             ... wielding a +0 vorpal halberd
              (6 damage)
             ... on level 3 of the Dungeon.
             The game lasted 00:00:14 (2262 turns).

qw the Chopper (Tengu Warper)                       Turns: 2262, Time: 00:00:15

Health: 0/26       AC:  5    Str: 13    XL:     4   Next: 40%
Magic:  8/8        EV: 11    Int: 14    God:
Gold:   97         SH:  0    Dex: 13    Spells: 7/7 levels left

rFire   . . .      SeeInvis .   Y - +1 hand axe
rCold   . . .      Faith    .   (no shield)
rNeg    . . .      Spirit   .   d - +0 ring mail
rPois   .          Reflect  .   (helmet restricted)
rElec   .          Harm     .   (no cloak)
rCorr   .          Rampage  .   (no gloves)
Will    .....                   (boots unavailable)
Stlth   +.........              (no amulet)
HPRegen 0.08/turn               (no ring)
MPRegen 0.11/turn               (no ring)

@: no status effects
A: beak, talons 3
a: no special abilities


You were on level 3 of the Dungeon.
You visited 1 branch of the dungeon, and saw 3 of its levels.

You collected 97 gold pieces.


Innate Abilities, Weirdness & Mutations

You have a beak for a mouth.
You have claws for feet.


   Skills:
 - Level 2.0 Fighting
 + Level 5.0 Axes
 - Level 1.0 Throwing
 - Level 1.1 Armour
 - Level 2.1 Dodging
 - Level 2.0 Spellcasting
 - Level 2.4 Translocations


You had 7 spell levels left.
You didn't know any spells.
Your spell library contained the following spells:

 Spells                   Type           Power      Damage    Failure   Level
 Blink                    Tloc           16%        N/A       28%         2
 Gell's Gravitas          Tloc           8%         N/A       50%         3
 Lesser Beckoning         Tloc           8%         N/A       50%         3
 Teleport Other           Tloc           8%         N/A       50%         3
 Manifold Assault         Tloc           8%         N/A       99%         5

Inventory:

Hand Weapons
 a - a +0 whip
 Y - a +1 hand axe (weapon)
Armour
 d - a +0 ring mail (worn)
Scrolls
 b - a scroll of immolation {unknown}
 c - a scroll of identify
 n - 6 scrolls of teleportation
Potions
 e - a potion of haste {unknown}
 f - a potion of curing {unknown}
 o - a potion of heal wounds {unknown}

Dungeon Overview and Level Annotations

Branches:
Dungeon (3/15)

Altars:

Shops:
D:2 (


Message History

You start resting.
An adder comes into view.
2230 ||| Stepping ~*~*~tactically~*~*~ (stealth).
You start resting.
A jackal is nearby!
2240 ||| Stepping ~*~*~tactically~*~*~ (stealth).
You start resting.
A jackal is nearby!
The jackal barks!
You hit the jackal.
You kill the jackal!
You see here a jackal corpse.
n - 6 scrolls of teleportation (gained 3)
Found 7 stones.
A gnoll comes into view. It is wielding a +0 vorpal halberd.
Found a stone staircase leading down.
The gnoll shouts!
You hear an angry hiss.
The gnoll moves out of view.
A gnoll comes into view. It is wielding a +0 halberd.
A gnoll comes into view. It is wielding a +0 club.
2256 ||| Stepping ~*~*~tactically~*~*~ (hiding).
A gnoll comes into view. It is wielding a +0 spear.
The adder bites you but does no damage.
You miss the adder. Your kick misses the adder.
The adder bites you but does no damage. The gnoll barely misses you.
You hit the adder but do no damage. Your kick misses the adder.
The adder barely misses you.
The gnoll hits you from afar with a +0 vorpal halberd!
The adder barely misses you.
You hit the adder. You claw the adder, but do no damage.
The adder is heavily wounded.
The adder closely misses you. The gnoll barely misses you.
You hit the adder. You claw the adder.
You kill the adder!
The gnoll hits you from afar with a +0 spear.
The gnoll barely misses you.
Your Axes skill increases to level 5!
The gnoll hits you with a +0 spear.
The gnoll hits you with a +0 vorpal halberd.
You die...

#.# #..# ###.##
##%######..# #....#
#..........# #.#..#
#.....#.#..## #.#..#
#).###.##..%###.#..#
##..#..###........>.#
#...#.#.##...######.#
#........#..## #.#
#..##@###.#.# #.#
##.ggg...##.# #.##
##.#.#..##.# #...
............ ##.# .#.
... ..... . ..
............ . ..
.#... .>..
............#.


You could see 3 gnolls.

Vanquished Creatures
  3 adders
  3 dart slugs
  A worm (D:2)
  An orc (D:3)
  4 endoplasms
  3 giant cockroaches
  2 goblins
  3 hobgoblins (D:1)
  3 jackals (D:3)
  2 quokkas (D:1)
  4 ball pythons (D:1)
  A bat (D:1)
  4 frilled lizards
  4 kobolds
  6 rats
44 creatures vanquished.

Notes
Turn   | Place    | Note
-------+----------+-------------------------------------------
     0 | D:1      | qw the Tengu Warper began the quest for the Orb.
     0 | D:1      | Reached XP level 1. HP: 12/12 MP: 4/4
     0 | D:1      | 0 ||| qw: Version: 0.1-a-89-g26bdef1
     0 | D:1      | 0 ||| qw: Game counter: 545
     0 | D:1      | 0 ||| qw: Always use a shield: true
     0 | D:1      | 0 ||| qw: God list: Okawaru
     0 | D:1      | 0 ||| qw: Allow faded altars: false
     0 | D:1      | 0 ||| qw: Do Orc after D:15 true
     0 | D:1      | 0 ||| qw: Do second Lair branch before Depths: true
     0 | D:1      | 0 ||| qw: Lair rune preference: random
     0 | D:1      | 0 ||| qw: Plans: Normal
     0 | D:1      | 0 ||| PLANNING D:1-11
   184 | D:1      | Reached skill level 3 in Axes
   184 | D:1      | Reached XP level 2. HP: 10/17 MP: 6/6
   343 | D:1      | 343 ||| Stepping ~*~*~tactically~*~*~ (stealth).
   344 | D:1      | 344 ||| Stepping ~*~*~tactically~*~*~ (stealth).
   776 | D:1      | 776 ||| Stepping ~*~*~tactically~*~*~ (hiding).
   907 | D:1      | Reached XP level 3. HP: 17/21 MP: 7/7
  1213 | D:1      | 1213 ||| UPGRADING to +0 ring mail.
  1223 | D:1      | 1223 ||| DROPPING +0 leather armour.
  1224 | D:1      | 1224 ||| READING scroll labelled LAGIKKE BIWON.
  1225 | D:1      | 1225 ||| READING scroll labelled OPO EVILECESO.
  1226 | D:1      | 1226 ||| READING scroll labelled EQEOXK BANUJA.
  1227 | D:1      | 1227 ||| READING 2 scrolls labelled YDOUMN GIOH.
  1228 | D:1      | 1228 ||| READING scroll labelled DUSTAGR TEOLO.
  1229 | D:1      | 1229 ||| READING scroll labelled SETOAN YLIU.
  1230 | D:1      | 1230 ||| READING 4 scrolls labelled ULAINYQ LOGEGE.
  1234 | D:1      | 1234 ||| DROPPING scroll of blinking.
  1235 | D:1      | 1235 ||| DROPPING scroll of noise.
  1278 | D:2      | Reached skill level 4 in Axes
  1283 | D:2      | 1283 ||| DROPPING +0 club.
  1321 | D:2      | 1321 ||| Stepping ~*~*~tactically~*~*~ (stealth).
  1322 | D:2      | 1322 ||| Stepping ~*~*~tactically~*~*~ (stealth).
  1323 | D:2      | 1323 ||| Stepping ~*~*~tactically~*~*~ (stealth).
  1324 | D:2      | 1324 ||| Stepping ~*~*~tactically~*~*~ (stealth).
  1376 | D:2      | 1376 ||| Stepping ~*~*~tactically~*~*~ (stealth).
  1692 | D:2      | Reached XP level 4. HP: 22/26 MP: 8/8
  1827 | D:2      | Found Yfuolum's Weapon Boutique.
  2068 | D:2      | 2068 ||| READING scroll labelled ADDETR RIGORO.
  2069 | D:2      | 2069 ||| DRINKING 3 amethyst potions.
  2070 | D:2      | 2070 ||| DROPPING 2 potions of brilliance.
  2230 | D:3      | 2230 ||| Stepping ~*~*~tactically~*~*~ (stealth).
  2240 | D:3      | 2240 ||| Stepping ~*~*~tactically~*~*~ (stealth).
  2256 | D:3      | 2256 ||| Stepping ~*~*~tactically~*~*~ (hiding).
  2262 | D:3      | Reached skill level 5 in Axes
  2262 | D:3      | HP: 6/26 [gnoll/+0 spear (6)]
  2262 | D:3      | Slain by a gnoll

Levels and vault maps discovered:
D:1:      dpeg_arrival_rhombus, layout_loops_ring
D:2:      layout_rooms, serial_shops, shop, kennysheep_big_empty_room
D:3:      minmay_diamond_boxcup, layout_loops_ring, uniq_robin, uniq_ijyb,
          uniq_jessica

Skill      XL: |  1  2  3  4 |
---------------+-------------+-----
Axes           | 3 4 5 |  5.0
Fighting       | |  2.0
Throwing       | |  1.0
Armour         | |  1.1
Dodging        | |  2.1
Spellcasting   | |  2.0
Translocations | |  2.4

Action                   |  1- 3 |  4- 6 || total
-------------------------+-------+-------++-------
Melee: Hand axe          |    77 |    28 ||   105
       Kick              |    15 |     5 ||    20
       Peck              |    11 |     4 ||    15
       Punch             |     1 |       ||     1
Throw: Boomerang         |     7 |       ||     7
  Use: Scroll            |     7 |     1 ||     8
       Potion            |       |     1 ||     1
Armor: Leather armour    |     8 |       ||     8
       Ring mail         |     6 |     7 ||    13
Dodge: Dodged            |    35 |    17 ||    52

Table legend:
 A = Non-vault XP
 B = Vault XP
 C = Vault XP percentage of total XP
 D = Non-vault monster count
 E = Vault monster count
 F = Vault count percentage of total count
                 A         B        C        D         E       F
            +---------+---------+-------+---------+---------+-------
      Total |     116 |       0 |   0.0 |      44 |       0 |   0.0
            +---------+---------+-------+---------+---------+-------
        D:1 |      44 |       0 |   0.0 |      25 |       0 |   0.0
        D:2 |      48 |       0 |   0.0 |      13 |       0 |   0.0
        D:3 |      24 |       0 |   0.0 |       6 |       0 |   0.0
            +---------+---------+-------+---------+---------+-------
